[Event "Late-Titled-Tuesday-Blitz-August-29-2023"]
[Site "Chess.com"]
[Date "2023.08.29"]
[Round "8"]
[White "NelsonLinda"]
[Black "MikeSailer"]
[Result "1-0"]
[WhiteElo "2462"]
[BlackElo "2190"]
[TimeControl "180+1"]
[EndTime "15:28:51 PDT"]
[Termination "NelsonLinda won by checkmate"]

1. Nc3 d5 2. d4 Nf6 3. Bf4 a6 4.
e3 b5 5. Nf3 e6 6. Ne5 Bb7 7. Bd3 Nbd7 8. g4 Bd6 9. Nxd7 Qxd7 10. g5 Ne4 11. Ne2 Bxf4 12. exf4 Nd6 13. h4 Nf5 14. Bxf5 exf5 15. Qd3 O-O-O 16. O-O-O Rhe8 17. Ng3 g6 18. h5 Kb8 19. Rhe1 Re6 20. Re5 Rde8 21.
Rde1 Rxe5 22. fxe5 f4 23. Ne2 Qg4 24. hxg6 hxg6 25.
Rg1 Qh4 26. Qf3 Bc8 27. Nxf4 Bf5 28. c3 c6 29. Qg3 Qh8 30. Ne2 Qf8 31. Qe3 b4 32. Ng3 bxc3 33. Qxc3 Kc7 34. Kd2 Rb8 35. a3 Rb7 36. Rc1 Kb8 37. b4 Bd7 38.
Ne2 Qh8 39. Qg3 Qh5 40. Rc5 Be8 41. Nc3 Re7 42. Na4 Qh1 43. Rc1 Qh5 44. Qe3 Qh2 45. Nc5 Qg2 46. Nxa6+ Kb7 47. Nc5+ Kc8 48. Nd3 Bd7 49. Nf4 Qh2 50. Nxd5 Re8 51. Nb6+ Kc7 52. Nxd7 Kxd7 53. Rc5 Re6 54. Rc3 Qh1 55. Qf3 Qa1 56. Qxc6+ Ke7 57. Qc7+ Ke8 58. Qc4 Qb2+ 59. Rc2 Qb1 60.
Qc8+ Ke7 61. Rc7# 1-0

[Event "Late-Titled-Tuesday-Blitz-August-29-2023"]
[Site "Chess.com"]
[Date "2023.08.29"]
[Round "8"]
[White "jinbojinbo"]
[Black "Sanan_Sjugirov"]
[Result "0-1"]
[WhiteElo "2671"]
[BlackElo "2856"]
[TimeControl "180+1"]
[EndTime "15:28:54 PDT"]
[Termination "Sanan_Sjugirov won by resignation"]

1. e4 c5 2. Nf3 e6 3. d4 cxd4 4.
Nxd4 a6 5. Bd3 Bc5 6. Nb3 Ba7 7.
O-O Nc6 8. Qg4 Qf6 9. Nc3 h5 10.
Qe2 h4 11. h3 Nge7 12. Be3 Ng6 13. Bxa7 Rxa7 14. Qe3 Qf4 15. Qb6 Qg5 16. Ne2 Nf4 17. Nxf4 Qxf4 18. Rfe1 Ra8 19. a4 g5 20. f3 d6 21.
Rad1 O-O 22. Bf1 Qe5 23. c3 Rd8 24. Nd4 Bd7 25. Qxb7 Nxd4 26. cxd4 Qa5 27. b4 Qxa4 28. Ra1 Qb3 29. Rxa6 Rab8 30. Qc7 Qxb4 31. Rd1 Ba4 32. Rc1 Qxd4+ 33. Kh1 Be8 34. Ra5 Qf6 35. Qc3 Qxc3 36.
Rxc3 Rb1 37. Kg1 f6 38. Kf2 Rdb8 39. Rc2 R1b2 40. Rxb2 Rxb2+ 41. Kg1 Kf8 42. Ra7 Rb1 43. Kf2 Rb2+ 44. Kg1 Bb5 45. Bxb5 Rxb5 46. Ra6 Rb1+ 47. Kf2 Rb2+ 48. Kf1 Rd2 49. Rb6 Kf7 50. Rb7+ Kg6 51. Re7 e5 52. Re8 Kf7 53. Rd8 Ke7 54. Ra8 Ke6 55. Ra6 f5 56. exf5+ Kxf5 57. Kg1 d5 58.
Ra8 d4 59. Rd8 Ra2 60. Kh2 Kf4 61. Rd5 Re2 62. Rc5 d3 63. Rd5 d2 64. Rd3 Kf5 65. Kg1 Re1+ 66. Kf2 d1=Q 0-1

[Event "Late-Titled-Tuesday-Blitz-August-29-2023"]
[Site "Chess.com"]
[Date "2023.08.29"]
[Round "8"]
[White "IngOscarArdila"]
[Black "Giorno"]
[Result "1/2-1/2"]
[WhiteElo "2302"]
[BlackElo "2467"]
[TimeControl "180+1"]
[EndTime "15:28:55 PDT"]
[Termination "Game drawn by repetition"]

1. d4 Nf6 2. c4 Nc6 3. Nf3 e6 4. e3 Bb4+ 5. Bd2 Qe7 6. Be2 O-O 7. O-O Bxd2 8. Nbxd2 d6 9. Rc1 e5 10. d5 Nb8 11. Qc2 a5 12. b3 Na6 13. a3 g6 14.
Rfd1 Nd7 15. Qc3 c5 16. dxc6 bxc6 17. b4 axb4 18. axb4 c5 19. b5 Nb4 20. Ra1 Bb7 21. Nb3 Nb6 22. Na5 Bxf3 23. Bxf3 e4 24. Be2 f5 25. g3 Rad8 26. Nc6 Nxc6 27. bxc6 Qc7 28.
Ra6 Rb8 29. Qd2 Rfd8 30. Rb1 Qxc6 31. Qa5 Qd7 32. Rbxb6 Rxb6 33. Qxb6 Qe7 34. Ra7 Rd7 35. Rxd7 Qxd7 36. Kg2 h5 37. Qb8+ Kg7 38. Qa8 Qe7 39.
Qd5 Qf6 40. h4 Qe7 41. Kh2 Qf6 42. Bd1 Qe7 43. Ba4 Qa7 44. Qc6 Kh6 45. Qe8 Qg7 46. Bc6 Qb2 47. Kg2 Kg7 48. Bd5 Qf6 49. Qg8+ Kh6 50.
Qe8 Kg7 51. Qd7+ Kh6 52. Qe6 Qg7 53. f3 Qb2+ 54. Kf1 Qc1+ 55. Kf2 Qd2+ 56. Kg1 Qe1+ 57. Kh2 Qf2+ 58. Kh3 exf3 59. Bxf3 Qxf3 60. Kh2 Qe2+ 61.
Kh3 Qg4+ 62. Kh2 Qe4 63. Qf6 Kh7 64. Qf7+ Kh6 65. Qf8+ Kh7 66. Qf7+ Kh6 67. Qf6 Qc2+ 68. Kh3 Kh7 69. Qf7+ Kh6 70. Qf8+ Kh7 71. Qf7+ Kh6 72. Qf8+ Kh7 73. Qf7+ 1/2-1/2

[Event "Late-Titled-Tuesday-Blitz-August-29-2023"]
[Site "Chess.com"]
[Date "2023.08.29"]
[Round "8"]
[White "PepeCuenca"]
[Black "HenriL"]
[Result "0-1"]
[WhiteElo "2710"]
[BlackElo "2535"]
[TimeControl "180+1"]
[EndTime "15:28:57 PDT"]
[Termination "HenriL won on time"]

1. e4 d6 2. d4 e5 3. Nf3 Nc6 4. Bb5 exd4 5. Nxd4 Bd7 6. Bxc6 bxc6 7. Nc3 Be7 8. O-O Bf6 9. Be3 Ne7 10. Qd2 O-O 11. Bg5 Ng6 12. Bxf6 Qxf6 13. f4 Rab8 14. Nb3 Rfe8 15. Rad1 Bc8 16. Rf2 Bb7 17. e5 dxe5 18. Ne4 Qf5 19. Ng3 Qg4 20. f5 Nf4 21. Nc5 Bc8 22.
b3 Bxf5 23. Rdf1 Bg6 24. Kh1 Rbd8 25. Qe3 Nd5 26. Qe1 e4 27. Ne2 e3 28. Rf3 Qg5 29.
c4 Nf6 30. Na4 Ne4 31. h3 Nf2+ 32. Kh2 Nd3 33. Qc3 Be4 34. Rg3 Qh6 35. Kg1 Bg6 36.
Kh2 c5 37. Kg1 Qh5 38. Rff3 Qe5 39. Qxe5 Rxe5 40. Rxe3 Rxe3 41. Rxe3 Nb4 42. Nac3 Kf8 43. Re5 Nd3 44. Re3 c6 45. Kh2 f6 46. Kh1 Ne5 47. Kg1 Rd2 48. Na4 Rxa2 49. Nxc5 Rb2 50. Nf4 Bf7 51. Re2 Rb1+ 52. Kf2 g5 53. Nfd3 Nxd3+ 54. Nxd3 Rxb3 55. Nc5 Rc3 56. Nd7+ Kg7 57. c5 Kg6 58.
Re7 Bd5 59. Nf8+ Kf5 60. g4+ Kf4 61. Ke2 Rc2+ 62. Kd3 Rh2 63. Rxa7 Rxh3+ 64. Kd2 Kxg4 65. Nxh7 Kf5 66. Rc7 Rh2+ 67. Ke3 g4 68. Rg7 Rh3+ 69. Kf2 Rf3+ 70. Ke2 Rc3 71. Kf2 Rc2+ 72. Kg1 Rxc5 73. Nf8 Rc2 74. Nd7 Bf3 75. Nb6 Kf4 0-1

[Event "Late-Titled-Tuesday-Blitz-August-29-2023"]
[Site "Chess.com"]
[Date "2023.08.29"]
[Round "8"]
[White "EsmeraldasAnderson03"]
[Black "bascheyaro"]
[Result "1-0"]
[WhiteElo "2436"]
[BlackElo "2812"]
[TimeControl "180+1"]
[EndTime "15:29:00 PDT"]
[Termination "EsmeraldasAnderson03 won on time"]

1. d4 d5 2. Nf3 Nf6 3. c4 c6 4.
cxd5 cxd5 5. Nc3 Nc6 6. Bf4 a6 7. e3 g6 8. Rc1 Bg7 9. Be2 O-O 10.
O-O h6 11. h3 e6 12. a3 Bd7 13. Na4 Ne4 14. Nd2 Nxd2 15. Qxd2 g5 16. Bd6 Re8 17. Nc5 Na5 18. b4 Bb5 19. bxa5 Qxd6 20. Nxb7 Qxa3 21. Ra1 Qe7 22. Bxb5 axb5 23. a6 Ra7 24. Qa5 b4 25. Nc5 Rb8 26. Rfb1 Qc7 27. Qxc7 Rxc7 28. Ra4 b3 29. Rxb3 Ra8 30. Rb7 Rcc8 31. g4 Bf8 32. Nd7 Rc4 33. Ra2 Bd6 34. a7 Bc7 35. Nb6 Bxb6 36.
Rxb6 Rcc8 37. Rb7 Kg7 38. Kg2 Kf6 39. Rd7 Rc4 40. Rb2 Rcc8 41. Rbb7 Rf8 42. Kg3 Kg6 43. f4 Kf6 44. h4 Kg6 45. h5+ Kf6 46. Kf3 gxf4 47.
Kxf4 Rac8 48. Rdc7 Ra8 49. Kg3 Rad8 50. Kf4 Ra8 51.
e4 dxe4 52. Kxe4 Rad8 53. Kd3 e5 54. Rc6+ Kg5 55. Rb5 Rxd4+ 56. Ke3 Ra4 57. Rxe5+ Kxg4 58. Re4+ Rxe4+ 59. Kxe4 Kxh5 60. Ra6 Ra8 61. Kf5 Kh4 62. Ra4+ Kg3 63. Ra3+ Kf2 64. Kf6 h5 65. Kg5 Ke2 66.
Kxh5 f5 67. Kg5 f4 68. Kxf4 Kd2 69. Ke5 Rxa7 70. Rxa7 1-0

[Event "Late-Titled-Tuesday-Blitz-August-29-2023"]
[Site "Chess.com"]
[Date "2023.08.29"]
[Round "8"]
[White "CheckBits"]
[Black "ozates"]
[Result "1/2-1/2"]
[WhiteElo "2426"]
[BlackElo "2575"]
[TimeControl "180+1"]
[EndTime "15:29:02 PDT"]
[Termination "Game drawn - insufficient material"]

1. e4 c5 2. c3 d5 3. exd5 Nf6 4. d4 cxd4 5. Qxd4 Qxd5 6. Nf3 Nc6 7. Qh4 Bg4 8. Nbd2 Ne5 9. Nd4 g5 10. Bb5+ Qxb5 11.
Nxb5 gxh4 12. Nc7+ Kd7 13. Nxa8 Kc8 14. O-O Kb8 15.
h3 Be6 16. f4 Nd3 17. Nf3 Kxa8 18. Nxh4 Rg8 19. Kh2 Bd5 20. b3 e6 21. c4 Bc6 22.
Be3 Ne4 23. Rad1 Be7 24. Nf3 Nb4 25. Ne5 Nc2 26. Bc1 Nc3 27. Rd2 Ne3 28. Rg1 Be4 29.
Nxf7 Bh4 30. Ng5 Bxg5 31. fxg5 Nf5 32. g4 Nh4 33. Kg3 Nf3 34. Rgg2 Nxd2 35. Bxd2 Nb1 36.
Bb4 b6 37. Re2 Bd3 38. Rxe6 Rd8 39. h4 a5 40. Be1 Kb7 41. h5 Bc2 42. g6 hxg6 43.
h6 Rh8 44. g5 Bf5 45. Re7+ Kc6 46. Bf2 Nd2 47. Bd4 Ne4+ 48. Kf4 Rd8 49. h7 Nd6 50. h8=Q Rxh8 51. Bxh8 Nc8 52. Rg7 Nd6 53. Re7 Nc8 54.
Re1 Nd6 55. Bd4 b5 56. Be5 Nb7 57. cxb5+ Kxb5 58. Bd4 a4 59. Re5+ Kb4 60. bxa4 Kxa4 61. Re7 Nd6 62. Ke5 Nc4+ 63. Kf6 Ka3 64. Rc7 Nd2 65.
Ra7+ Kb4 66. Be5 Ne4+ 67. Kf7 Nxg5+ 68. Kf6 Ne4+ 69. Kg7 g5 70. Bd6+ Nxd6 71. Kf6 g4 72. Ra6 g3 73. Rxd6 g2 74. Rd1 Be4 75. Rg1 Ka3 76.
Ke5 Ba8 77. Kf4 Kxa2 78. Kg3 Kb2 79. Rxg2+ Bxg2 1/2-1/2

[Event "Late-Titled-Tuesday-Blitz-August-29-2023"]
[Site "Chess.com"]
[Date "2023.08.29"]
[Round "8"]
[White "Fandorine"]
[Black "nihalsarin"]
[Result "1/2-1/2"]
[WhiteElo "2927"]
[BlackElo "3106"]
[TimeControl "180+1"]
[EndTime "15:29:05 PDT"]
[Termination "Game drawn by repetition"]

1. e4 Nc6 2. Nf3 d6 3. d4 Nf6 4. c3 g6 5. Bd3 Bg7 6. O-O O-O 7. Nbd2 e5 8. h3 Re8 9. Re1 Nh5 10. Nf1 Bd7 11. Be3 a6 12. a4 exd4 13. Nxd4 Nxd4 14. cxd4 c5 15. dxc5 dxc5 16. Bxc5 Bc6 17.
Bc4 Qxd1 18. Raxd1 Bxb2 19. Bd5 Rac8 20. Bxc6 Rxc6 21.
Bd4 Bxd4 22. Rxd4 Nf4 23. Ng3 Rc2 24. e5 Ne6 25. Rd7 Rb8 26. a5 Rc5 27. Ne4 Rxa5 28. Nd6 Rd5 29. Re7 Rf8 30. Nxf7 Rxf7 31. Rxe6 Rd2 32.
f3 Rc7 33. Re4 a5 34. h4 b5 35. Re8+ Kf7 36. Rb8 b4 37. e6+ Ke7 38. Rh8 Kf6 39.
Rf8+ Kg7 40. Ra8 Re7 41. Rxa5 b3 42. Rb5 b2 43. Kh2 Rd6 44. Rxb2 Rdxe6 45. Rxe6 Rxe6 46. Kg3 h5 47. Rb7+ Kf6 48. Rb4 Ra6 49. Rf4+ Kg7 50. Rc4 Kf6 51. Kf4 Ra2 52. g3 Rb2 53. Rc6+ Kg7 54.
Re6 Rb4+ 55. Re4 Rb5 56. Re5 Rb3 57. Rd5 Kf6 58. Ke4 Rb4+ 59. Rd4 Rb3 60. Rd6+ Kf7 61. Rd3 Rb5 62. Rd5 Rb3 63. Ra5 Kf6 64. Ra4 Kf7 65.
Kf4 Kf6 66. g4 hxg4 67. fxg4 g5+ 68. hxg5+ Kg6 69. Ra6+ Kg7 70. g6 Rb5 71. Rd6 Rc5 72.
Re6 Ra5 73. Rb6 Rc5 74. Kg3 Ra5 75. Kh4 Rc5 76. Rd6 Ra5 77. g5 Ra1 78. Kh5 Rh1+ 79. Kg4 Rg1+ 80. Kf5 Rf1+ 81. Kg4 Rg1+ 82. Kh5 Rh1+ 83.
Kg4 Rg1+ 1/2-1/2

[Event "Late-Titled-Tuesday-Blitz-August-29-2023"]
[Site "Chess.com"]
[Date "2023.08.29"]
[Round "8"]
[White "Chemim21"]
[Black "alturas_pacificas"]
[Result "1/2-1/2"]
[WhiteElo "2303"]
[BlackElo "2413"]
[TimeControl "180+1"]
[EndTime "15:29:05 PDT"]
[Termination "Game drawn by stalemate"]

1. d4 d5 2. Nf3 Nf6 3. e3 Bf5 4.
b3 c6 5. Bb2 e6 6. Nbd2 a5 7. a3 Nbd7 8. Be2 h6 9. O-O Bd6 10.
c4 Ne4 11. Nxe4 Bxe4 12. Nd2 Bg6 13. f4 Nf6 14. Nf3 Bh5 15. Ne5 Bxe2 16. Qxe2 O-O 17.
f5 exf5 18. Rxf5 Ne4 19. Raf1 Bxe5 20. dxe5 Qe7 21. cxd5 cxd5 22. Bd4 Rac8 23. Qb5 Qe6 24. Qxa5 Rc2 25. Qb4 Nd2 26. R5f2 Nxf1 27. Rxc2 Rc8 28. Rxc8+ Qxc8 29. Kxf1 Qc1+ 30. Ke2 Qc2+ 31. Kf3 Qf5+ 32. Ke2 Qc2+ 33. Qd2 Qxb3 34. Bb2 Qb5+ 35. Kf2 Qb3 36.
e6 fxe6 37. Qd4 Qc2+ 38. Kf1 Qf5+ 39. Ke1 Qg6 40. g3 Kh7 41. Kd2 Kg8 42. Qd3 Qf7 43. Qe2 Qd7 44. Ke1 b5 45. Kf2 Qf7+ 46. Kg2 Qd7 47.
Qf3 Qc7 48. Kh3 Qd7 49. Qg4 Qf7 50. Qf4 Qd7 51. Kg2 Qe7 52. Qe5 Qd7 53. h3 Kh8 54. h4 Kh7 55. g4 Kg8 56. g5 hxg5 57. hxg5 Kf8 58. g6 Kg8 59. Bd4 Kf8 60. Bc5+ Ke8 61.
Qb8+ Qd8 62. Qxd8+ Kxd8 63. Kg3 Kd7 64. Kf4 Kc6 65.
Bd4 b4 66. axb4 Kb5 67. Bxg7 Kxb4 68. Bd4 Kc4 69. g7 Kd3 70. g8=Q e5+ 71. Bxe5 Kc4 72. Qe6 Kd3 73. Qxd5+ Ke2 74. Bd4 Ke1 75. e4 Ke2 76. e5 Kf1 77. e6 Ke2 78. e7 Kf1 79. e8=Q 1/2-1/2

[Event "Late-Titled-Tuesday-Blitz-August-29-2023"]
[Site "Chess.com"]
[Date "2023.08.29"]
[Round "8"]
[White "eldur16"]
[Black "DawidCzerw"]
[Result "0-1"]
[WhiteElo "2612"]
[BlackElo "2506"]
[TimeControl "180+1"]
[EndTime "15:29:11 PDT"]
[Termination "DawidCzerw won on time"]

1. e4 c5 2. Ne2 Nc6 3. Nbc3 g6 4.
g3 Bg7 5. Bg2 e5 6. Nd5 Nge7 7.
Nec3 d6 8. d3 Rb8 9. O-O O-O 10.
f4 Nxd5 11. Nxd5 Ne7 12. Ne3 f5 13. fxe5 Bxe5 14. Nc4 Bd4+ 15. Kh1 b5 16. c3 Bg7 17. Ne3 fxe4 18. Rxf8+ Qxf8 19. Bxe4 Bb7 20. Bxb7 Rxb7 21. Bd2 Nc6 22. Qg4 Re7 23. Rf1 Qe8 24. Qf3 Ne5 25. Qd5+ Kh8 26. Qxd6 Rd7 27. Qxc5 Rxd3 28. Bc1 Qa8+ 29.
Ng2 Rf3 30. Rxf3 Qxf3 31. h4 Qf1+ 32. Qg1 Qe2 33. Qxa7 h5 34. Qg1 Nf3 35. Nf4 Qe4 36.
Qe3 Qb1 37. Qe8+ Kh7 38. Qxg6+ Qxg6 39. Nxg6 Kxg6 40. Kg2 Ne5 41. Bd2 Nc4 42. Bc1 Kf5 43.
Kf3 Ne5+ 44. Ke2 Ke4 45. b3 Nd3 46. Bd2 Be5 47. a4 bxa4 48. bxa4 Bxg3 49. a5 Nc5 50. Bg5 Bc7 51. Be7 Na6 52. Bg5 Bxa5 53. Bf6 Nc5 54. Bg5 Ne6 55. Be7 Bb6 56. Bd6 Ba5 57. Be7 Bxc3 58. Kf1 Be5 59. Kg2 Kf4 60. Bg5+ Kg4 61. Be3 Bg3 62. Bg5 Bxh4 63. Be3 Bg3 64. Bb6 h4 65.
Ba7 h3+ 66. Kh1 Ng5 67. Bb6 Ne4 68. Ba7 Bf2 69. Bb8 Be3 70. Bc7 Bf4 71. Bb6 Ng3+ 72.
Kg1 Kf3 73. Kh2 Kg4 74. Kg1 Nf5 75. Kh1 h2 76. Kg2 Nh4+ 77. Kh1 Kh3 78. Bf2 Nf3 0-1

[Event "Late-Titled-Tuesday-Blitz-August-29-2023"]
[Site "Chess.com"]
[Date "2023.08.29"]
[Round "8"]
[White "dropstoneDP"]
[Black "promen1999"]
[Result "1-0"]
[WhiteElo "2977"]
[BlackElo "2869"]
[TimeControl "180+1"]
[EndTime "15:29:17 PDT"]
[Termination "dropstoneDP won on time"]

1. d4 Nf6 2. c4 g6 3. f3 Nh5 4. Nh3 e5 5. dxe5 Nc6 6. Bg5 Be7 7. Bxe7 Qxe7 8. Nc3 Qxe5 9. Qd2 O-O 10. O-O-O d6 11. Nf2 Be6 12. e3 Qa5 13. Kb1 Nf6 14. h4 Rfe8 15.
h5 Nxh5 16. Nfe4 Qe5 17. g4 Nf6 18. Qh2 Nxe4 19. Qxh7+ Kf8 20. Nxe4 Bxg4 21. Qh6+ Qg7 22. Qf4 Bf5 23. Bd3 Ne5 24. Be2 g5 25. Qg3 Nxf3 26. Bxf3 Rxe4 27. Bxe4 Bxe4+ 28. Ka1 Bxh1 29. Rxh1 Re8 30.
Qf3 c6 31. a3 Re6 32. Rf1 Ke7 33. e4 Rf6 34. Qe2 Rxf1+ 35. Qxf1 Qe5 36. Qh3 Qxe4 37.
Qc8 c5 38. Qc7+ Ke6 39. Qc8+ Ke5 40. Qe8+ Kd4 41. Qxf7 g4 42. Qf6+ Qe5 43. Qf2+ Kd3 44. Qf1+ Qe2 45. Qf5+ Kd2 46. Qd5+ Ke1 47. Qh1+ Kf2 48.
Qh2+ Kf3 49. Qxd6 g3 50. Qd5+ Kg4 51. Qxc5 g2 52. Ka2 Kh3 53. Qf5+ Qg4 54. Qh7+ Kg3 55. Qd3+ Kf2 56. Qd2+ Qe2 57. Qf4+ Ke1 58. Qc1+ Kf2 59.
Qf4+ Qf3 60. Qd2+ Kg3 61. Qg5+ Qg4 62. Qe3+ Kh2 63. Qh6+ Kg3 64. Qe3+ Kh2 65. Qh6+ Qh3 66. Qf4+ Kh1 67. Qe4 b6 68. a4 a5 69. Qd5 Qg4 70.
Ka3 Kh2 71. Qd2 Qf3+ 72. b3 Kg3 73. Qg5+ Kf2 74. Qd2+ Qe2 75. Qd4+ Qe3 76. Qf6+ Ke2 77. Qb2+ Kd3 78. Qb1+ Kd4 79. Qb2+ Kd3 80. Qxg2 Qc5+ 81. Ka2 1-0

[Event "Late-Titled-Tuesday-Blitz-August-29-2023"]
[Site "Chess.com"]
[Date "2023.08.29"]
[Round "8"]
[White "19912131712118"]
[Black "wgraif"]
[Result "1/2-1/2"]
[WhiteElo "2423"]
[BlackElo "2531"]
[TimeControl "180+1"]
[EndTime "15:29:18 PDT"]
[Termination "Game drawn by repetition"]

1. e4 e5 2. Nf3 Bc5 3. Bc4 Nf6 4. d3 Nc6 5. c3 d6 6. O-O a6 7.
a4 Ba7 8. Nbd2 O-O 9. h3 Kh8 10. Re1 Be6 11. b4 Ne7 12. Qb3 Qd7 13. d4 Bxc4 14.
Nxc4 exd4 15. cxd4 d5 16. Nce5 Qd8 17. Ng5 Kg8 18.
Bb2 c6 19. Rad1 Nxe4 20. Nxe4 dxe4 21. Rxe4 Qd5 22. Qc2 Ng6 23. Nxg6 fxg6 24. Re5 Qf7 25. Rd3 Rad8 26. Rf3 Qd7 27. Qc4+ Kh8 28. Rxf8+ Rxf8 29. Qe6 Qxe6 30. Rxe6 Kg8 31. f3 Kf7 32. Re4 g5 33. Kf1 g6 34. Ke2 Rd8 35. Kd3 Rd5 36. h4 gxh4 37.
Rxh4 h5 38. g4 Bb8 39. gxh5 gxh5 40. Ke4 Bg3 41. Rh3 h4 42. Bc1 Kg6 43. Be3 Rd8 44.
Bf4 Re8+ 45. Be5 Kg5 46. Rh1 Re7 47. Rg1 Kh5 48. Kf5 Bxe5 49. dxe5 h3 50. Kf6 Rh7 51. e6 Kh4 52. Rg4+ Kh5 53. Rg5+ Kh4 54. Rg4+ Kh5 55. Rg1 Kh4 56. e7 Rh8 57. Rg4+ Kh5 58. Rg1 Kh4 59.
Kf7 h2 60. Rh1 Kg3 61. e8=Q Rxe8 62. Kxe8 b6 63. Rxh2 Kxh2 64. f4 c5 65. bxc5 bxc5 66. f5 c4 67. f6 c3 68. f7 c2 69. f8=Q c1=Q 70. Qe7 Qc8+ 71. Kf7 Qc4+ 72. Qe6 Qxa4 73. Qe2+ Kg3 74. Qe3+ Kg2 75. Qe2+ Kg3 76. Qe3+ Kg4 77. Qe6+ Kf3 78. Qd5+ Ke3 79. Qe6+ Kd3 80. Qd6+ Kc3 81.
Qe5+ Kb3 82. Qe3+ Kb2 83. Qd2+ Kb3 84. Qd3+ Kb4 85. Qd4+ Ka3 86. Qc5+ Qb4 87. Qc1+ Qb2 88. Qc5+ Qb4 89. Qc1+ Ka2 90. Qc2+ Ka3 91. Qc1+ 1/2-1/2

[Event "Late-Titled-Tuesday-Blitz-August-29-2023"]
[Site "Chess.com"]
[Date "2023.08.29"]
[Round "9"]
[White "MathiasCasalaspro"]
[Black "ShrookWafa"]
[Result "1-0"]
[WhiteElo "2290"]
[BlackElo "2405"]
[TimeControl "180+1"]
[EndTime "15:37:04 PDT"]
[Termination "MathiasCasalaspro won by resignation"]

1. e4 c5 2. Nf3 Nc6 3. d3 g6 4. g3 Bg7 5. Bg2 e6 6. O-O Nge7 7. Re1 O-O 8. c3 d5 9. e5 d4 10. c4 Bd7 11. Bf4 Rc8 12. a3 Nf5 13. Nbd2 Bh6 14.
Ne4 Ng7 15. Bxh6 1-0

[Event "Late-Titled-Tuesday-Blitz-August-29-2023"]
[Site "Chess.com"]
[Date "2023.08.29"]
[Round "9"]
[White "Eloist"]
[Black "grzechu96"]
[Result "1-0"]
[WhiteElo "2458"]
[BlackElo "2645"]
[TimeControl "180+1"]
[EndTime "15:37:30 PDT"]
[Termination "Eloist won by checkmate"]

1. e4 c5 2. Nf3 d6 3. Bb5+ Bd7 4. Bxd7+ Nxd7 5. O-O Ngf6 6. Qe2 e6 7. d4 cxd4 8.
Nxd4 Rc8 9. c4 Be7 10. b3 Qa5 11. Bb2 O-O 12. Nc3 a6 13. Rad1 Bd8 14. f4 Bb6 15. Kh1 Qh5 16. Qxh5 Nxh5 17. g4 Nxf4 18. Rxf4 e5 19. Nf5 exf4 20. Nd5 Rcd8 21. Nde7+ Kh8 22. Bxg7# 1-0

[Event "Late-Titled-Tuesday-Blitz-August-29-2023"]
[Site "Chess.com"]
[Date "2023.08.29"]
[Round "9"]
[White "powermove"]
[Black "FeketeBarika"]
[Result "0-1"]
[WhiteElo "2088"]
[BlackElo "2361"]
[TimeControl "180+1"]
[EndTime "15:37:42 PDT"]
[Termination "FeketeBarika won by resignation"]

1. e4 e6 2. d3 d5 3. Nd2 Nf6 4. Ngf3 b6 5. g3 dxe4 6. dxe4 Bb7 7. Qe2 Ba6 8. c4 Nc6 9. Bg2 e5 10. O-O Bb4 11. Rd1 Qe7 12. a3 Bxd2 13. Bxd2 Bc8 14. h3 a5 15. b3 O-O 16. Bc3 Nd7 17. Rd6 cxd6 0-1

[Event "Late-Titled-Tuesday-Blitz-August-29-2023"]
[Site "Chess.com"]
[Date "2023.08.29"]
[Round "9"]
[White "XiaoKangZhong"]
[Black "Young_Catalan_Player09"]
[Result "1-0"]
[WhiteElo "2549"]
[BlackElo "2438"]
[TimeControl "180+1"]
[EndTime "15:38:29 PDT"]
[Termination "XiaoKangZhong won by resignation"]

1. e4 c5 2. Nf3 Nc6 3. Bb5 e6 4. O-O Nge7 5. Re1 a6 6. Bf1 d5 7. exd5 Nxd5 8. d4 cxd4 9. Nxd4 Ndb4 10. c3 Nxd4 11. cxd4 Be7 12. Nc3 O-O 13. a3 Nd5 14. Ne4 b6 15. Qh5 Bb7 16. Bd3 h6 17. Bxh6 Nf6 18.
Nxf6+ Bxf6 19. Bxg7 1-0

[Event "Late-Titled-Tuesday-Blitz-August-29-2023"]
[Site "Chess.com"]
[Date "2023.08.29"]
[Round "9"]
[White "dorpato"]
[Black "TreinadorBR"]
[Result "0-1"]
[WhiteElo "2008"]
[BlackElo "2311"]
[TimeControl "180+1"]
[EndTime "15:38:42 PDT"]
[Termination "TreinadorBR won by resignation"]

1. e4 c5 2. Nc3 e6 3. g3 a6 4. Bg2 b5 5. d3 Bb7 6. Be3 Qc7 7. Qd2 Nf6 8. h3 d5 9. exd5 exd5 10. Bf4 Bd6 11. Qe2+ Kd8 12. Bxd6 Qxd6 13. O-O-O Re8 14. Qf3 b4 15. Nce2 Nc6 16. Nf4 Nd4 17. Nxd5 Nxf3 18. Bxf3 Bxd5 19. Bxd5 Qxd5 20. Rh2 Kc7 21. f4 Re3 22.
Ne2 Rae8 23. Ng1 Qxa2 0-1

[Event "Late-Titled-Tuesday-Blitz-August-29-2023"]
[Site "Chess.com"]
[Date "2023.08.29"]
[Round "9"]
[White "Elshan1985"]
[Black "Road2GM3000"]
[Result "0-1"]
[WhiteElo "2764"]
[BlackElo "2512"]
[TimeControl "180+1"]
[EndTime "15:38:46 PDT"]
[Termination "Road2GM3000 won by resignation"]

1. Nf3 d5 2. g3 Nf6 3. Bg2 c6 4. O-O Bg4 5. c4 e6 6. cxd5 cxd5 7. Ne5 Bf5 8. g4 Be4 9. f3 Bg6 10. h4 Bxb1 11. Rxb1 Nc6 12. Nxc6 bxc6 13. Qa4 Qc7 14.
g5 Nh5 15. f4 Bd6 16. e3 g6 17.
b4 O-O 18. Bb2 Rfc8 19. Rfc1 Ng3 20. b5 Ne2+ 21. Kf2 Nxc1 22. Rxc1 c5 23. h5 Qb6 24.
hxg6 fxg6 25. Bh3 Re8 26. Rh1 a6 27. Qc2 axb5 28. Qa4 bxa4 0-1

[Event "Late-Titled-Tuesday-Blitz-August-29-2023"]
[Site "Chess.com"]
[Date "2023.08.29"]
[Round "9"]
[White "ferrufino64"]
[Black "maurovargas01"]
[Result "1-0"]
[WhiteElo "2138"]
[BlackElo "1883"]
[TimeControl "180+1"]
[EndTime "15:38:59 PDT"]
[Termination "ferrufino64 won by checkmate"]

1. e4 d5 2. exd5 Qxd5 3. Nc3 Qa5 4. d4 Nf6 5. Bc4 c6 6. Ne2 Bg4 7. f3 Bf5 8. O-O e6 9. Ng3 Bg6 10. f4 c5 11. f5 exf5 12. Re1+ Be7 13. Qe2 Qd8 14.
Bg5 cxd4 15. Bxf6 gxf6 16. Nd5 Nc6 17. Bb5 Kf8 18. Bxc6 bxc6 19. Nxe7 c5 20. Qd2 Kg7 21. Ngxf5+ Bxf5 22. Nxf5+ Kg6 23. Qh6+ Kxf5 24. Qh5+ Kf4 25.
g3# 1-0

[Event "Late-Titled-Tuesday-Blitz-August-29-2023"]
[Site "Chess.com"]
[Date "2023.08.29"]
[Round "9"]
[White "Fonsofan"]
[Black "Arystanner"]
[Result "1-0"]
[WhiteElo "2712"]
[BlackElo "2859"]
[TimeControl "180+1"]
[EndTime "15:39:01 PDT"]
[Termination "Fonsofan won by resignation"]

1. Nf3 Nf6 2. c4 g6 3. Nc3 Bg7 4. d4 d6 5. e4 O-O 6. Be2 e5 7. dxe5 dxe5 8. Qxd8 Rxd8 9. Bg5 Re8 10. Nd5 Nxd5 11.
cxd5 c6 12. Bc4 b5 13. Bb3 a5 14. a4 b4 15. O-O Bb7 16. Rfd1 Nd7 17. Rac1 cxd5 18. Rc7 Rad8 19. Bxd8 Rxd8 20. Bxd5 1-0

[Event "Late-Titled-Tuesday-Blitz-August-29-2023"]
[Site "Chess.com"]
[Date "2023.08.29"]
[Round "9"]
[White "adiosabu"]
[Black "Colombiano07"]
[Result "1-0"]
[WhiteElo "2653"]
[BlackElo "2463"]
[TimeControl "180+1"]
[EndTime "15:39:42 PDT"]
[Termination "adiosabu won by resignation"]

1. d4 c6 2. Nd2 d5 3. Ngf3 Nf6 4. e3 g6 5. c4 Bg7 6. b3 O-O 7. Bb2 Bg4 8. Bd3 a6 9. h3 Bxf3 10. Qxf3 b5 11. O-O Nbd7 12. cxd5 cxd5 13. Rac1 Rc8 14. a3 e6 15. Qf4 Qb6 16. g4 Rfd8 17. b4 Ne8 18.
Nb3 Nd6 19. Nc5 Nc4 20. Bxc4 bxc4 21. Bc3 Nxc5 22. dxc5 Qb5 23. Bxg7 Kxg7 24. g5 a5 25. Rb1 axb4 26. axb4 Ra8 27. Rfd1 Ra4 28. Qf6+ 1-0

[Event "Late-Titled-Tuesday-Blitz-August-29-2023"]
[Site "Chess.com"]
[Date "2023.08.29"]
[Round "9"]
[White "ritanovikova"]
[Black "GMMikhailKazakov"]
[Result "0-1"]
[WhiteElo "2150"]
[BlackElo "2335"]
[TimeControl "180+1"]
[EndTime "15:40:26 PDT"]
[Termination "GMMikhailKazakov won by resignation"]

1. d4 Nf6 2. Bf4 g6 3. c3 Bg7 4. h3 O-O 5. Nf3 d6 6. Nbd2 c5 7. e3 Be6 8. Bc4 Bxc4 9. Nxc4 cxd4 10. exd4 d5 11. Ne3 Nc6 12. Ne5 e6 13. Nxc6 bxc6 14. Be5 Nd7 15. Bxg7 Kxg7 16. O-O a5 17. Qd2 Qb6 18. Ng4 Qd8 19. Qh6+ Kg8 20. Ne5 Nxe5 21. dxe5 Qb8 22. f4 Qxb2 23. g4 Qxc3 24. Kg2 Rab8 0-1

[Event "Late-Titled-Tuesday-Blitz-August-29-2023"]
[Site "Chess.com"]
[Date "2023.08.29"]
[Round "9"]
[White "AryanTari"]
[Black "XDPS"]
[Result "1-0"]
[WhiteElo "2935"]
[BlackElo "2865"]
[TimeControl "180+1"]
[EndTime "15:40:43 PDT"]
[Termination "AryanTari won by resignation"]

1. d4 d5 2. Nf3 Nf6 3. c4 c6 4.
Qc2 dxc4 5. Qxc4 Bf5 6. g3 e6 7. Bg2 Be7 8. O-O O-O 9. Rd1 Nbd7 10. e3 h6 11. Nc3 Rc8 12. b4 a5 13. a3 axb4 14.
axb4 Qb6 15. Ba3 Nd5 16. Na4 Qc7 17. Nc5 Bh7 18. Bb2 b6 19. Nxd7 Qxd7 20. Ne5 Qc7 21. b5 cxb5 22. Qxb5 Rfd8 23. Rdc1 Qb7 24. Nc6 Re8 25. Ra7 1-0